 Dungeon Crawl Stone Soup version 0.31-a0-188-g5e087ee2ca (webtiles) character file.

Game seed: 5645375991435012446

706 qw the Skirmisher (level 7, -9/40 HPs)
             Began as a Deep Elf Hunter on June 23, 2023.
             Mangled by an ogre
             ... wielding a +0 giant spiked club
              (27 damage)
             ... on level 5 of the Dungeon.
             The game lasted 00:01:13 (3242 turns).

qw the Skirmisher (Deep Elf Hunter)                 Turns: 3242, Time: 00:01:13

Health: -9/40      AC:  6    Str: 10    XL:     7   Next: 39%
Magic:  9/9        EV: 17    Int: 14    God:
Gold:   59         SH:  0    Dex: 24    Spells: 6/6 levels left

rFire   . . .        Y - +2 shortbow
rCold   x . .        (shield currently unavailable)
rNeg    + . .        f - +0 ring mail
rPois   .            (no helmet)
rElec   .            (no cloak)
rCorr   .            (no gloves)
SInv    .            e - +0 pair of boots
Will    +....        (no amulet)
Stlth   +++          b - +5 ring of evasion
HPRegen 0.26/turn    k - ring of Niaxte {rC- rN+ Will+ Dex+6 Stlth+}
MPRegen 0.11/turn

%: no passive effects
@: no status effects
A: no striking features
a: no special abilities


You were on level 5 of the Dungeon.
You visited 1 branch of the dungeon, and saw 5 of its levels.

You collected 185 gold pieces.
You spent 126 gold pieces at shops.


   Skills:
 - Level 2.1 Fighting
 + Level 10.6 Ranged Weapons
 - Level 1.6 Armour
 - Level 4.0 Dodging
 - Level 1.2 Stealth


You had 6 spell levels left.
You didn't know any spells.
Your spell library was empty.

Inventory:

Hand Weapons
 Y - a +2 shortbow (weapon)
Armour
 e - a +0 pair of boots (worn)
 f - a +0 ring mail (worn)
Jewellery
 b - a +5 ring of evasion (left hand)
 k - the ring of Niaxte (right hand) {rC- rN+ Will+ Dex+6 Stlth+}
   (You found it on level 3 of the Dungeon)

   [ring of dexterity]

   Dex:       It affects your dexterity (+6).
   rC:        It makes you vulnerable to cold.
   rN:        It protects you from negative energy.
   Will:      It increases your willpower.
   Stlth:     It makes you more stealthy.
Wands
 l - a wand of digging (5)
Scrolls
 a - a scroll of vulnerability {unknown}
 d - a scroll of identify
 h - 2 scrolls of teleportation
Potions
 g - a potion of haste
 i - a potion of curing {unknown}
 j - a potion of lignification {unknown}
 m - a potion of enlightenment {unknown}
 n - a potion of heal wounds

Dungeon Overview and Level Annotations

Branches:
Dungeon (5/15)             Temple (0/1) D:5

Altars:
Ashenzari

Shops:
D:4 ?


Message History

Found an escape hatch in the ceiling.
An ice beast comes into view.
You shoot an arrow. The arrow hits the ice beast!
The ice beast is moderately wounded.
You shoot an arrow. The arrow hits the ice beast!
The ice beast is almost dead.
You shoot an arrow. The arrow hits the ice beast.
You kill the ice beast!
Found a staircase to the Ecumenical Temple.
You now have 49 gold pieces (gained 13).
You hear the rusting of a very distant drain.
An orc comes into view. It is wielding a +0 whip.
You shoot an arrow. The arrow hits the orc!
You kill the orc!
You open the door.
Found a scroll of noise.
There is an open door here.
You now have 59 gold pieces (gained 10).
You open the door.
There is an open door here.
Found a whip.
Enter note: You see here a +0 whip.
You see here a +1 heavy war axe.
Enter note: An ogre comes into view. It is wielding a +0 giant spiked club.
You hear the rusting of a drain nearby.
Enter note: You shoot an arrow.
The arrow hits the ogre.
The ogre is lightly wounded.
The ogre closely misses you.
You shoot an arrow. The arrow hits the ogre!
The ogre is heavily wounded.
The ogre hits you with a +0 giant spiked club!!
Ouch! That really hurt!
You shoot an arrow. The arrow hits the ogre.
The ogre is heavily wounded.
The ogre hits you with a +0 giant spiked club!!
Ouch! That really hurt!
You die...

#.....#.....#.....#
+##+##+##+##'..##.#
#..#.###.# #..#.#
#.# #..#.# #.#
+..+.# #.# #..###
#)# #..#####)#
#..#.@...# +O#####
#. #. #. .. .. ..


You could see an ogre.

Vanquished Creatures
  Eustachio (D:4)
  2 black bears (D:4)
  An ice beast (D:5)
  A phantom (D:4)
  2 hounds (D:4)
  An iguana (D:4)
  An orc wizard (D:4)
  2 adders
  2 worms (D:2)
  4 dart slugs
  4 orcs
  11 ball pythons
  7 endoplasms
  3 giant cockroaches
  4 goblins
  7 hobgoblins
  8 jackals (D:4)
  2 quokkas
  4 bats
  A frilled lizard (D:2)
  7 kobolds
  2 rats (D:2)
77 creatures vanquished.

Notes
Turn   | Place    | Note
-------+----------+-------------------------------------------
     0 | D:1      | qw the Deep Elf Hunter began the quest for the Orb.
     0 | D:1      | Reached XP level 1. HP: 12/12 MP: 3/3
     0 | D:1      | 0 ||| qw: Version: 0.3-a-9-g12657ce
     0 | D:1      | 0 ||| qw: Game counter: 3819
     0 | D:1      | 0 ||| qw: Always use a shield: true
     0 | D:1      | 0 ||| qw: God list: Okawaru
     0 | D:1      | 0 ||| qw: Allow faded altars: false
     0 | D:1      | 0 ||| qw: Do Orc after D:15 true
     0 | D:1      | 0 ||| qw: Do second Lair branch before Depths: true
     0 | D:1      | 0 ||| qw: Lair rune preference: random
     0 | D:1      | 0 ||| qw: Plans: Normal
     0 | D:1      | 0 ||| PLANNING D:1-11
    89 | D:1      | Reached skill level 6 in Ranged Weapons
    89 | D:1      | Reached XP level 2. HP: 16/16 MP: 4/4
   122 | D:1      | 122 ||| FLEEEEING.
   123 | D:1      | 123 ||| FLEEEEING.
   124 | D:1      | 124 ||| FLEEEEING.
   125 | D:1      | 125 ||| FLEEEEING.
   126 | D:1      | 126 ||| FLEEEEING.
   141 | D:1      | 141 ||| FLEEEEING.
   526 | D:1      | Reached XP level 3. HP: 20/20 MP: 5/5
   785 | D:1      | 785 ||| UPGRADING to +0 ring mail.
   795 | D:1      | 795 ||| DROPPING +0 leather armour.
   796 | D:1      | 796 ||| READING scroll labelled OTHICH QITOEQ.
   799 | D:1      | 799 ||| READING scroll labelled VALOSTRA OFELA.
   800 | D:1      | 800 ||| DRINKING 2 silvery potions.
   801 | D:1      | 801 ||| DROPPING scroll of butterflies.
   922 | D:2      | Reached skill level 7 in Ranged Weapons
  1194 | D:2      | Reached XP level 4. HP: 25/25 MP: 6/6
  1292 | D:2      | 1292 ||| UPGRADING to +0 pair of boots.
  1297 | D:2      | 1297 ||| UPGRADING to +5 ring of evasion.
  1298 | D:2      | 1298 ||| READING scroll labelled PESITH TEOKIQI.
  1299 | D:2      | 1299 ||| DRINKING 2 orange potions.
  1300 | D:2      | 1300 ||| DROPPING potion of brilliance.
  1745 | D:3      | Identified the ring of Niaxte {rC- rN+ Will+ Dex+6 Stlth+}
  1835 | D:3      | Found a broken altar of Ashenzari.
  2173 | D:3      | 2173 ||| DROPPING ring of ice.
  2174 | D:3      | 2174 ||| UPGRADING to ring of Niaxte {rC- rN+ Will+ Dex+6
                  | Stlth+}.
  2175 | D:3      | 2175 ||| READING scroll labelled YSIAMO DAGUY.
  2176 | D:3      | 2176 ||| READING scroll labelled IHOPIM OMPES.
  2277 | D:3      | 2277 ||| READING scroll labelled WOXKOPN SAHA.
  2278 | D:3      | 2278 ||| READING scroll labelled ABRATY XASEA.
  2280 | D:3      | 2280 ||| Stepping ~*~*~tactically~*~*~ (cloud).
  2288 | D:3      | HP: 6/25 [poisoned by you (poison gas)]
  2386 | D:4      | Found Rora's Magic Scroll Emporium.
  2412 | D:4      | 2412 ||| BUYING scroll of enchant weapon (82 gold).
  2412 | D:4      | Bought a scroll of enchant weapon for 82 gold pieces
  2412 | D:4      | 2412 ||| BUYING scroll of identify (22 gold).
  2412 | D:4      | Bought a scroll of identify for 22 gold pieces
  2412 | D:4      | 2412 ||| BUYING scroll of identify (22 gold).
  2412 | D:4      | Bought a scroll of identify for 22 gold pieces
  2412 | D:4      | 2412 ||| READING scroll of enchant weapon.
  2412 | D:4      | 2412 ||| ENCHANTING +1 shortbow.
  2453 | D:4      | Noticed Eustachio
  2454 | D:4      | Noticed a phantom
  2458 | D:4      | Reached skill level 8 in Ranged Weapons
  2462 | D:4      | Killed a phantom
  2463 | D:4      | Reached XP level 5. HP: 27/29 MP: 7/7
  2479 | D:4      | HP: 7/29 [jackal (1)]
  2480 | D:4      | 2480 ||| READING 3 scrolls of teleportation.
  2482 | D:4      | HP: 3/29 [jackal (3)]
  2485 | D:4      | 2485 ||| READING 2 scrolls of teleportation.
  2488 | D:4      | HP: 4/29 [jackal (1)]
  2620 | D:4      | 2620 ||| Stepping ~*~*~tactically~*~*~ (outnumbered).
  2622 | D:4      | 2622 ||| Stepping ~*~*~tactically~*~*~ (outnumbered).
  2626 | D:4      | 2626 ||| Stepping ~*~*~tactically~*~*~ (outnumbered).
  2628 | D:4      | 2628 ||| Stepping ~*~*~tactically~*~*~ (outnumbered).
  2643 | D:4      | Killed Eustachio
  2644 | D:4      | Reached skill level 9 in Ranged Weapons
  2644 | D:4      | Reached XP level 6. HP: 26/34 MP: 8/8
  2887 | D:4      | Reached skill level 10 in Ranged Weapons
  2887 | D:4      | Reached XP level 7. HP: 33/40 MP: 9/9
  2994 | D:4      | 2994 ||| READING scroll labelled DOFFOPH NUEH.
  2995 | D:4      | 2995 ||| DRINKING 2 sedimented dark potions.
  2996 | D:4      | 2996 ||| READING 2 scrolls of identify.
  2996 | D:4      | 2996 ||| IDENTIFYING lumpy pink potion
  2997 | D:4      | 2997 ||| DROPPING potion of berserk rage.
  3019 | D:5      | Entered Level 5 of the Dungeon
  3020 | D:5      | 3020 ||| PLANNING SEWER
  3022 | D:5      | 3022 ||| STAIRDANCE
  3031 | D:4      | Reached skill level 1 in Armour
  3166 | D:5      | Found a staircase to the Ecumenical Temple.
  3242 | D:5      | Mangled by an ogre

Levels and vault maps discovered:
D:1:      psy_arrival_fountain, layout_basic
D:2:      layout_basic, st_stairs_6, minmay_indecisive_spiral
D:3:      layout_basic, mainiacjoe_overflow_six_doors_small,
          chequers_serial_rivers_large_a, dk_noncrumbling_2, dk_noncrumbling_4,
          grunt_decor_resistance, grunt_decor_mini_mirrors, corexii_shack
D:4:      layout_basic, serial_shops, shop, uniq_eustachio
D:5:      layout_loops_ring, mainiacjoe_overflow_24_doors,
          minmay_temple_entry_junction, cheibrodos_sewer_entry_drain

Skill      XL: |  1  2  3  4  5  6  7 |
---------------+----------------------+-----
Ranged Weapons | 6 7 8 9 10 | 10.6
Dodging        | 4 |  4.0
Fighting       | 2 |  2.1
Armour         | 1 |  1.6
Stealth        | |  1.2

Action                     |  1- 3 |  4- 6 |  7- 9 || total
---------------------------+-------+-------+-------++-------
   Fire: Shortbow          |   108 |   103 |    16 ||   227
    Use: Scroll            |     2 |     8 |     2 ||    12
         Potion            |     1 |     1 |     1 ||     3
 Armour: Leather armour    |     3 |       |       ||     3
         Ring mail         |     2 |    29 |     2 ||    33
  Dodge: Dodged            |    18 |   135 |    15 ||   168

Table legend:
 A = Non-vault XP
 B = Vault XP
 C = Vault XP percentage of total XP
 D = Non-vault monster count
 E = Vault monster count
 F = Vault count percentage of total count
                 A         B        C        D         E       F
            +---------+---------+-------+---------+---------+-------
      Total |     792 |     217 |  21.5 |      70 |       7 |   9.1
            +---------+---------+-------+---------+---------+-------
        D:1 |      45 |       0 |   0.0 |      23 |       0 |   0.0
        D:2 |      45 |      12 |  21.1 |      17 |       5 |  22.7
        D:3 |      24 |       2 |   7.7 |       6 |       1 |  14.3
        D:4 |     546 |     203 |  27.1 |      22 |       1 |   4.3
        D:5 |     132 |       0 |   0.0 |       2 |       0 |   0.0
            +---------+---------+-------+---------+---------+-------
